 Dungeon Crawl Stone Soup version 0.31-a0-1206-g41278d8d1d (webtiles) character file.

Game seed: 8982328329419699073

595382 Inarius the Executioner (level 25, -9/218 HPs)
             Began as a Mummy Fighter on Dec 13, 2023.
             Was the Champion of Makhleb.
             Mangled by a death cob (21 damage)
             ... on level 1 of the Realm of Zot.
             The game lasted 02:28:12 (57871 turns).

Inarius the Executioner (Mummy Fighter)            Turns: 57871, Time: 02:28:13

Health: -9/218     AC: 28    Str: 24 (28) XL:     25   Next: 79%
Magic:  9/34       EV:  3    Int: 12 (13) God:    Makhleb [******]
Gold:   8202       SH:  0    Dex: 23 (27) Spells: 24/24 levels left

rFire   + + +        b - +8 mithril axe "Arga" {speed, Will+}
rCold   + + +        J - +6 tower shield {rF+}
rNeg    + + +        l - +3 plate armour {Will+}
rPois   ∞            h - +1 hat "Nafargh" {rC+ rN+ Will+}
rElec   .            Z - +1 cloak "Bigge" {^Contam Dex+9}
rCorr   +            p - +1 pair of gloves "Wanwyull" {Will+ Regen+ Stlth+}
SInv    .            Y - +2 pair of boots of the Lich-sworn {rF+ Regen+ Str-2 Dex+3}
Will    +++++        S - amulet of reflection Stlth
                     N - ring "Riuriuno" {rF+ Int+4 Dex+4}
HPRegen 2.16/turn    n - ring of the Will of the Gods {rF+ rC+ rCorr}
MPRegen 0.24/turn

%: reflection, faith
@: held, slowed, constricted, studying 3 skills, very slow
A: cold resistance 1, negative energy resistance 3, torment resistance 2, heat
vulnerability 1, in touch with death 2, no potions, faith
}: 4/15 runes: decaying, slimy, silver, gossamer
a: Renounce Religion, Minor Destruction, Lesser Servant of Makhleb, Major
Destruction, Greater Servant of Makhleb


You were on level 1 of the Realm of Zot.
You worshipped Makhleb.
Makhleb was exalted by your worship.
You visited 12 branches of the dungeon, and saw 52 of its levels.
You also visited: Trove, Sewer, Ossuary, Bailey, Volcano, Wizlab and Desolation.

You collected 10020 gold pieces.
You spent 1818 gold pieces at shops.

Inventory:

Hand Weapons
 a - the +10 mace of Aptimn {vamp, rF+ Dex+4}
   (You found it on level 3 of the Depths)

   Dex+4:     It affects your dexterity (+4).
   rF+:       It protects you from fire.
 b - the +8 mithril axe "Arga" (weapon) {speed, Will+}
   (You found it on level 13 of the Dungeon)

   Will+:     It increases your willpower.
 A - a +9 broad axe of freezing
 I - the +6 broad axe "Losipt" {freeze, Will+ Str+3}
   (You bought it in a shop on level 5 of the Dungeon)

   Str+3:     It affects your strength (+3).
   Will+:     It increases your willpower.
Armour
 h - the +1 hat "Nafargh" (worn) {rC+ rN+ Will+}
   (You found it on level 3 of the Depths)

   rC+:       It protects you from cold.
   rN+:       It protects you from negative energy.
   Will+:     It increases your willpower.
 l - a +3 plate armour of willpower (worn)
 o - the +1 pair of gloves "Olasonun" {Str+5 Int-3}
   (You found it on level 3 of the Depths)

   Str+5:     It affects your strength (+5).
   Int-3:     It affects your intelligence (-3).
 p - the +1 pair of gloves "Wanwyull" (worn) {Will+ Regen+ Stlth+}
   (You found it on level 2 of the Elven Halls)

   Will+:     It increases your willpower.
   Regen+:    It increases your rate of health regeneration.
   Stlth+:    It makes you more stealthy.
 x - the +0 tower shield of Fedhas's Envy {Regen+ MP-9 Dex+4 SInv}
   (You took it off Louise on level 3 of the Elven Halls)

   Dex+4:     It affects your dexterity (+4).
   MP-9:      It affects your magic capacity (-9).
   SInv:      It lets you see invisible.
   Regen+:    It increases your rate of health regeneration.
 z - the +4 tower shield "Mutauz" {rC++ Int-2 SInv}
   (You acquired it on level 5 of the Vaults)

   Int-2:     It affects your intelligence (-2).
   rC++:      It greatly protects you from cold.
   SInv:      It lets you see invisible.
 J - a +6 tower shield of fire resistance (worn)
 K - a +1 hat of see invisible
 R - the +1 helmet of Zitafeed {Str+2}
   (You found it on level 3 of the Depths)

   Str+2:     It affects your strength (+2).
 T - the +2 hat of Fortification {+Inv rCorr}
   (You found it in a treasure trove)

   +Inv:      It lets you turn invisible.
   rCorr:     It protects you from acid and corrosion.
 U - the +1 cloak "Ukkakh" {rC+}
   (You found it on level 1 of the Crypt)

   rC+:       It protects you from cold.
 V - a +2 pair of boots of flying
 W - the +2 pair of gloves of Purpose {*Slow Regen+ Int+8 SInv Stlth-}
   (You found it in a treasure trove)

   Int+8:     It affects your intelligence (+8).
   SInv:      It lets you see invisible.
   Regen+:    It increases your rate of health regeneration.
   *Slow:     It may slow you when you take damage.
   Stlth-:    It makes you less stealthy.
 Y - the +2 pair of boots of the Lich-sworn (worn) {rF+ Regen+ Str-2 Dex+3}
   (You found it in a treasure trove)

   Str-2:     It affects your strength (-2).
   Dex+3:     It affects your dexterity (+3).
   rF+:       It protects you from fire.
   Regen+:    It increases your rate of health regeneration.
 Z - the +1 cloak "Bigge" (worn) {^Contam Dex+9}
   (You found it in a treasure trove)

   Dex+9:     It affects your dexterity (+9).
   ^Contam:   It causes magical contamination when unequipped.
Jewellery
 c - the ring of Piygiloa {rCorr Int+2}
   (You found it on level 3 of the Depths)

   [ring of resist corrosion]

   Int+2:     It affects your intelligence (+2).
   rCorr:     It protects you from acid and corrosion.
 g - the ring "Umuggisoqa" {rElec rC++ Will+ rCorr Dex-5}
   (You found it in the Desolation of Salt)

   [ring of resist corrosion]

   Dex-5:     It affects your dexterity (-5).
   rC++:      It greatly protects you from cold.
   rElec:     It insulates you from electricity.
   Will+:     It increases your willpower.
   rCorr:     It protects you from acid and corrosion.
 n - the ring of the Will of the Gods (right hand) {rF+ rC+ rCorr}
   (You found it in the Desolation of Salt)

   [ring of protection from fire]

   rF+:       It protects you from fire.
   rC+:       It protects you from cold.
   rCorr:     It protects you from acid and corrosion.
 t - an amulet of guardian spirit
 H - the ring "Doterch" {rC+ AC+4}
   (You found it in the Desolation of Salt)

   [ring of protection]

   AC+4:      It affects your AC (+4).
   rC+:       It protects you from cold.
 M - the macabre finger necklace {Finger+ rN+}
   (You found it on level 5 of the Pits of Slime)

   [amulet of nothing]

   Finger+:   It enables you to equip an extra ring.
   rN+:       It protects you from negative energy.
 N - the ring "Riuriuno" (left hand) {rF+ Int+4 Dex+4}
   (You took it off a spriggan defender on level 2 of the Depths)

   [ring of protection from fire]

   Int+4:     It affects your intelligence (+4).
   Dex+4:     It affects your dexterity (+4).
   rF+:       It protects you from fire.
 S - an amulet of reflection (around neck)
 X - the amulet "Zykykhem" {Acrobat -Tele rElec Regen+ Dex+5}
   (You found it in the Desolation of Salt)

   [amulet of the acrobat]

   Acrobat:   It increases your evasion while moving and waiting.
   Dex+5:     It affects your dexterity (+5).
   rElec:     It insulates you from electricity.
   -Tele:     It prevents most forms of teleportation.
   Regen+:    It increases your rate of health regeneration.
Wands
 r - a wand of acid (20)
 s - a wand of digging (12)
 u - a wand of charming (106)
 C - a wand of roots (84)
 O - a wand of flame (184)
 Q - a wand of mindburst (23)
Scrolls
 d - 2 scrolls of poison
 e - 12 scrolls of fog
 f - 2 scrolls of torment
 i - 9 scrolls of fear
 j - a scroll of silence
 k - 9 scrolls of noise
 m - 2 scrolls of revelation
 q - 26 scrolls of teleportation
 v - 6 scrolls of blinking
 w - 9 scrolls of vulnerability
 y - 6 scrolls of enchant weapon
 D - 11 scrolls of immolation
 E - 13 scrolls of amnesia
 F - 41 scrolls of identify
 P - 4 scrolls of butterflies
Miscellaneous
 B - a box of beasts
 G - a phantom mirror (inert)
 L - a condenser vane (inert)


   Skills:
 + Level 22.3 Fighting
 + Level 22.9 Axes
 + Level 2.4 Throwing
 + Level 12.6 Armour
 + Level 7.0 Dodging
 + Level 19.5 Shields
 * Level 15.4 Invocations
 * Level 11.5 Evocations


You had 24 spell levels left.
You didn't know any spells.
Your spell library contained the following spells:

 Spells                   Type           Power      Damage    Failure   Level
 Apportation              Tloc           0%         N/A       99%         1
 Freeze                   Ice            0%         1d3       99%         1
 Necrotise                Necr           0%         1d4       99%         1
 Sandblast                Erth           0%         2d4       99%         1
 Shock                    Conj/Air       0%         1d3       99%         1
 Blink                    Tloc           0%         N/A       100%        2
 Cigotuvi's Dreadful Rot  Necr/Pois/Air  0%         N/A       100%        2
 Ensorcelled Hibernation  Hex/Ice        0%         N/A       100%        2
 Jinxbite                 Hex            0%         N/A       100%        2
 Passwall                 Tmut/Erth      0%         N/A       100%        2
 Poisonous Vapours        Pois/Air       0%         N/A       100%        2
 Scorch                   Fire           0%         2d5       100%        2
 Static Discharge         Conj/Air       0%         3-3/arc   100%        2
 Dazzling Flash           Conj/Hex       0%         N/A       100%        3
 Hailstorm                Conj/Ice       0%         3d5       100%        3
 Ignite Poison            Fire/Tmut/Pois 0%         N/A       100%        3
 Inner Flame              Hex/Fire       0%         N/A       100%        3
 Mephitic Cloud           Conj/Pois/Air  0%         N/A       100%        3
 Stone Arrow              Conj/Erth      0%         3d7       100%        3
 Summon Guardian Golem    Hex/Summ       0%         N/A       100%        3
 Swiftness                Air            0%         N/A       100%        3
 Tukima's Dance           Hex            0%         N/A       100%        3
 Vampiric Draining        Necr           0%         2d6       100%        3
 Volatile Blastmotes      Fire/Tloc      0%         2d10      100%        3
 Airstrike                Air            0%         2d(0-16)  100%        4
 Anguish                  Hex/Necr       0%         N/A       100%        4
 Animate Armour           Summ/Erth      0%         N/A       100%        4
 Animate Dead             Necr           0%         N/A       100%        4
 Brom's Barrelling Bould  Conj/Erth      0%         2d3       100%        4
 Cause Fear               Hex            0%         N/A       100%        4
 Dimensional Bullseye     Hex/Tloc       0%         N/A       100%        4
 Dispel Undead            Necr           0%         3d6       100%        4
 Flame Wave               Conj/Fire      0%         2d4       100%        4
 Fulminant Prism          Conj/Hex       0%         3d5       100%        4
 Olgreb's Toxic Radiance  Pois           0%         N/A       100%        4
 Passage of Golubria      Tloc           0%         N/A       100%        4
 Sticky Flame             Conj/Fire      0%         2d3       100%        4
 Summon Ice Beast         Ice/Summ       0%         N/A       100%        4
 Vhi's Electric Charge    Tloc/Air       0%         N/A       100%        4
 Agony                    Necr           0%         N/A       100%        5
 Alistair's Intoxication  Tmut/Pois      0%         N/A       100%        5
 Arcjolt                  Conj/Air       0%         1d10      100%        5
 Fireball                 Conj/Fire      0%         3d3       100%        5
 Freezing Cloud           Conj/Ice/Air   0%         6-21      100%        5
 Iskenderun's Battlesphe  Conj           0%         2d6       100%        5
 Summon Forest            Summ/Tloc      0%         N/A       100%        5
 Summon Mana Viper        Hex/Summ       0%         N/A       100%        5
 Yara's Violent Unravell  Hex/Tmut       0%         3d3       100%        5
 Bombard                  Conj/Erth      0%         9d1       100%        6
 Conjure Ball Lightning   Conj/Air       0%         3x3d6     100%        6
 Death Channel            Necr           0%         N/A       100%        6
 Dispersal                Tloc           0%         N/A       100%        6
 Eringya's Noxious Bog    Tmut/Pois      0%         4d6       100%        6
 Plasma Beam              Fire/Air       0%         2x1d10    100%        6
 Simulacrum               Ice/Necr       0%         N/A       100%        6
 Starburst                Conj/Fire      0%         6d3       100%        6
 Summon Cactus Giant      Summ           0%         N/A       100%        6
 Enfeeble                 Hex            0%         N/A       100%        7
 Haunt                    Necr/Summ      0%         N/A       100%        7
 Orb of Destruction       Conj           0%         9d5       100%        7
 Spellforged Servitor     Conj/Summ      0%         N/A       100%        7
 Summon Hydra             Summ           0%         N/A       100%        7
 Discord                  Hex            0%         N/A       100%        8
 Disjunction              Tloc           0%         N/A       100%        8
 Infestation              Necr           0%         N/A       100%        8
 Lehudib's Crystal Spear  Conj/Erth      0%         10d2      100%        8
 Maxwell's Capacitive Co  Air            0%         ∞         100%        8


Dungeon Overview and Level Annotations

Branches:
Dungeon (15/15)            Temple (1/1) D:7            Lair (5/5) D:11
  Swamp (4/4) Lair:2       Spider (4/4) Lair:2        Slime (5/5) Lair:5
    Orc (2/2) D:11            Elf (3/3) Orc:2        Vaults (5/5) D:14
  Crypt (3/3) Vaults:2       Tomb (0/3) Crypt:3      Depths (4/4) D:15
    Zot (1/5) Depths:4      Sewer (visited)         Ossuary (visited)
 Bailey (visited)         Volcano (visited)          WizLab (visited)
Desolation (visited)

Altars:
Ashenzari
Cheibriados
Dithmenos
Fedhas
Gozag
Hepliaklqana
Kikubaaqudgha
Makhleb
Nemelex Xobeh
Okawaru
Qazlal
Ru
Sif Muna
Trog
Uskayaw
Vehumet
Wu Jian
Xom
Yredelemnul
Jiyva

Shops:
D:5 (   D:9 *(   Orc:2 [::   Depths:2 (

Portals:
Hell: Depths:1 Depths:2 Depths:3 Depths:4
Abyss: Depths:3
Pandemonium: Depths:2 Depths:3

Annotations:
D:8 3 runed translucent doors, rigao's ghost, novice MfVM
Vaults:1 2 transporters, Fauhuump's ghost, adept TeAE


Innate Abilities, Weirdness & Mutations

You are immune to poison.
Your flesh is cold resistant. (rC+)
You are immune to negative energy. (rN+++)
You are immune to unholy pain and torment.
You are vulnerable to heat. (rF-)
You are strongly in touch with the powers of death.
You do not drink.
You have a special connection with the divine. (Faith)


Message History

The death cob barely misses you.
A yellow draconian annihilator comes into view.
It is wielding a +0 short sword.
Unknown command.
You struggle against the net.
The death cob hits you but does no damage. x4
The death cob hits you. The death cob drains your vigour!
You feel as though you will be slow longer.
The black draconian knight breathes lightning at you.
The bolt of lightning hits you!!
* * * LOW HITPOINT WARNING * * *
The death cob hits you!!
* * * LOW HITPOINT WARNING * * *
The death cob hits you!
* * * LOW HITPOINT WARNING * * *
The death cob drains your vigour!
You feel as though you will be slow longer.
The tentacled monstrosity tentacle-slaps you but does no damage. x3
The tentacled monstrosity constricts you.
A red draconian comes into view. It is wielding a +0 war axe.
The purple draconian hits you with a +0 dire flail!
* * * LOW HITPOINT WARNING * * *
A black draconian comes into view. It is wielding a +0 battleaxe.
The yellow draconian annihilator casts a spell.
The yellow draconian annihilator blinks!
The black draconian hits you but does no damage.
The tentacled monstrosity tentacle-slaps you but does no damage. x3
You hear a roar!
You hear a deafening roar!
You hear a roar! x2
You hear a deafening roar!
You hear a roar! x2
Okay, then.
Unknown command.
Unknown command.
Unknown command.
Unknown command.
Blink to where?
Press: ? - help, Dir - move target The tentacled monstrosity's grasp on you weakens, but your attempt to escape fails.
As you read the scroll of blinking, it crumbles to dust.
The moth of wrath seems to regain its courage.
The death cob hits you!!
You die...

.# ...#.## .#
....#.#
..#D...y#D ####
..#...... q...#
.........
.....##........
.........^.....
.d..d.Xd.d.##..
...##..@...q.#
##zXz....)#
##........
#........
.##d..... #
...... .....#
....d#


You could see 2 tentacled monstrosities, a black draconian knight (fast,
catching breath), 2 storm dragons, 2 draconians, a purple draconian, 2
draconians, a white draconian (fleeing), 2 death cobs, a yellow draconian
annihilator and a moth of wrath.

Vanquished Creatures
  the Royal Jelly (Slime:5)
  An ancient lich (Vaults:5)
  A dread lich (Depths:3)
  4 juggernauts
  Josephina (Depths:2)
  Boris (twice) (Depths:3 Crypt:3)
  A royal mummy (Crypt:3)
  A curse toe (Crypt:3)
  2 caustic shrikes (Depths:3)
  Jory (Depths:3)
  3 golden dragons
  Norris (Vaults:4)
  A bone dragon (Depths:4)
  4 tentacled monstrosities
  Zenata (Crypt:1)
  4 liches
  Jorgrun (D:15)
  4 deep elf blademasters
  8 sphinxes
  4 deep elf master archers (Elf:3)
  The ghost of Haxzo the Warrior, an adept HOMo of Beogh (Depths:3)
  The ghost of Haxzo the Warrior, an adept HOMo of Beogh (Depths:3)
  7 titans
  A quicksilver dragon (Depths:3)
  A walking frostbound tome (Depths:3)
  9 ancient champions
  Gastronok (Lair:1)
  The ghost of pleonasm the Warrior, an adept OgBe of Trog (Swamp:4)
  The ghost of Ceed the Phalangite, an adept MfGl of Kikubaaqudgha (Depths:3)
  25 acid blobs
  6 storm dragons
  Aizul (Crypt:1)
  8 shadow dragons
  8 tengu reavers
  5 revenants
  12 rockslimes
  15 azure jellies
  A draconian monk (Depths:4)
  9 frost giants
  4 fenstrider witches
  12 fire giants
  5 emperor scorpions
  6 ghost moths
  2 imperial myrmidons (Desolation)
  Louise (Elf:3)
  2 iron dragons
  A draconian scorcher (Depths:4)
  9 deep elf sorcerers
  A balrug (Depths:1)
  11 vault wardens
  A curse skull (Crypt:2)
  2 angels (Elf:2)
  5 deep elf elementalists
  17 ironbound preservers
  4 ghouls
  3 war gargoyles
  4 spriggan defenders
  5 orc warlords
  3 reapers (Crypt:2)
  11 quicksilver oozes
  4 formless jellyfish
  3 broodmothers
  26 very ugly things
  27 stone giants
  17 vampire knights
  6 eleionomae
  A green draconian (Depths:4)
  5 ironbound thunderhulks
  2 black draconians (Depths:4)
  A lorocyproca (Depths:3)
  3 deep elf demonologists
  4 spark wasps
  A white draconian (Depths:4)
  3 bunyips
  9 deep elf annihilators
  12 dire elephants
  A red draconian (Depths:4)
  A yellow draconian (Depths:4)
  14 ettins
  2 orange crystal statues
  3 eidola
  8 deep elf death magi
  3 crystal guardians
  An entropy weaver (shapeshifter) (Vaults:5)
  7 deep elf high priests
  5 entropy weavers
  5 ragged hierophants (Desolation)
  A kraken zombie (Crypt:1)
  11 jiangshi
  17 yaktaur captains
  7 servants of whispers (Desolation)
  21 hydras
  Fannar (Orc:1)
  7 fire dragons
  3 rakshasas
  30 vault guards
  11 ice dragons
  2 radroaches (Spider:3)
  12 peacekeepers
  3 ghost crabs
  A caustic shrike simulacrum (Depths:3)
  13 great orbs of eyes
  4 ogre magi
  9 ironbound frosthearts
  4 alligators
  2 jorogumos
  3 spriggan air magi
  2 catoblepae
  2 spriggan skeletons (Crypt:3)
  6 centaur warriors
  A fenstrider witch skeleton (Crypt:3)
  6 death knights
  10 boulder beetles
  13 two-headed ogres
  3 tengu warriors
  3 death yaks (Lair:5)
  5 deep troll shamans
  Urug (Lair:4)
  13 vampire magi
  5 deep troll earth magi
  28 dancing weapons
  A death scarab (Spider:3)
  4 orc high priests (Orc:2)
  6 demonic crawlers
  7 spriggan berserkers
  An occultist (Depths:2)
  4 soul eaters
  10 deep elf knights
  10 hell knights
  A storm dragon zombie (Crypt:2)
  5 iron trolls
  Sonja (Lair:2)
  A fire crab (Volcano)
  2 sun demons (Depths:1)
  A golden dragon zombie (Crypt:1)
  6 pharaoh ants
  4 skysharks
  17 skeletal warriors
  2 storm dragon skeletons (Crypt:3)
  2 sixfirhies
  5 shadow wraiths
  5 spriggan druids
  3 sun moths
  A bunyip zombie (Crypt:3)
  3 goliath frogs
  45 deep trolls
  4 flayed ghosts
  A spriggan simulacrum (Crypt:3)
  16 bog bodies
  6 steelbarb worms
  2 harpies (shapeshifter)
  7 orb spiders
  3 glowing orange brains
  11 deep elf archers
  14 swamp dragons
  12 orc knights
  6 necromancers
  A wolf spider zombie (Crypt:1)
  18 phantasmal warriors
  8 arcanists
  10 lindwurms
  A broodmother zombie (Crypt:3)
  13 deep elf zephyrmancers
  24 ironbound convokers
  7 orc sorcerers
  An anaconda skeleton (Crypt:3)
  A sphinx simulacrum (Depths:3)
  31 deep elf pyromancers
  4 manticores
  4 harpies (Vaults:2)
  A will-o-the-wisp (Swamp:3)
  16 wolf spiders
  36 ugly things
  4 moths of wrath
  14 elephants
  3 cyclopes (D:15)
  6 shining eyes
  A centaur zombie (Crypt:3)
  A salamander (shapeshifter) (Vaults:5)
  10 kobold blastminers
  A dire elephant zombie (Crypt:1)
  A black mamba (Lair:5)
  A naga zombie (Crypt:3)
  5 guardian serpents (Desolation)
  22 vault sentinels
  5 molten gargoyles
  A titan simulacrum (Depths:3)
  3 eyes of devastation
  7 torpor snails
  2 gargoyles
  5 cane toads
  A shock serpent skeleton (Crypt:3)
  A torpor snail (shapeshifter) (Elf:2)
  An unseen horror (D:10)
  Maggie (Lair:2)
  An orc skeleton (Crypt:3)
  9 komodo dragons
  9 freezing wraiths
  45 yaktaurs
  A green draconian zombie (Crypt:3)
  6 rime drakes
  A white draconian zombie (Crypt:2)
  A yaktaur (shapeshifter) (Vaults:5)
  A swamp worm zombie (Crypt:3)
  2 tengu conjurers
  Psyche (D:12)
  A hydra zombie (Crypt:2)
  A queen bee (D:12)
  6 trolls
  A meliai (shapeshifter) (D:14)
  A purple draconian skeleton (Crypt:3)
  A queen bee (shapeshifter) (Vaults:5)
  3 harpy zombies (Crypt:3)
  15 hornets
  3 polar bears
  A green draconian skeleton (Crypt:3)
  2 mana viper skeletons (Crypt:1)
  9 meliai
  33 tarantellas
  7 blink frogs
  7 glass eyes
  A raiju (D:13)
  59 saltlings (Desolation)
  16 dream sheep
  15 tyrant leeches
  An ettin zombie (Crypt:3)
  A fire giant simulacrum (Depths:3)
  26 jumping spiders
  97 slime creatures
  13 spriggans
  2 centaur simulacra
  2 air elementals
  35 culicivoras
  45 yaks
  A spriggan (shapeshifter) (Elf:3)
  8 wraiths
  5 water elementals
  Eustachio (D:4)
  A hog (shapeshifter) (Vaults:5)
  A dire elephant simulacrum (Crypt:3)
  5 vampires
  7 basilisks
  5 wyverns
  5 fire bats (Volcano)
  A redback (shapeshifter) (Depths:1)
  11 vampire mosquitoes
  8 steam dragons
  63 redbacks
  A fire elemental (Elf:2)
  13 swamp worms
  A merfolk zombie (Crypt:2)
  Edmund (D:4)
  A harpy simulacrum (Crypt:3)
  4 acid dragons
  7 wargs
  2 hell hounds (Volcano)
  Duvessa (D:6)
  23 water moccasins
  A deep troll skeleton (Crypt:1)
  9 swamp drakes
  45 orc warriors
  A black bear (D:5)
  2 crocodiles (Sewer)
  10 wolves
  22 ogres
  18 centaurs
  Blork the orc (D:4)
  2 kobold brigands (D:7)
  A wyvern zombie (Crypt:2)
  8 bullfrogs
  A necrophage (Crypt:1)
  An earth elemental (Elf:2)
  4 scorpions
  A naga simulacrum (Crypt:3)
  Dowan (D:6)
  3 wights (Crypt:2)
  18 killer bees
  6 howler monkeys
  A wolf zombie (Crypt:2)
  3 vampire bats (Lair:5)
  4 electric eels (Lair:2)
  12 lava snakes
  37 orc priests
  2 hounds (D:5)
  4 jellies
  4 iguanas
  25 orc wizards
  Natasha (thrice) (D:4)
  4 hell rats (Lair:3)
  A malarious merfolk avatar (Sewer)
  A sickly merfolk siren (Sewer)
  An acid dragon zombie (Crypt:3)
  A naga skeleton (Crypt:1)
  8 mummies (Ossuary)
  4 gnolls
  A swamp drake zombie (Crypt:3)
  14 adders
  2 river rats (Sewer)
  2 shadow imps
  A worm (D:4)
  3 dart slugs
  109 orcs
  A bat zombie (Crypt:1)
  5 endoplasms
  3 giant cockroaches
  21 goblins
  8 hobgoblins
  2 jackals (D:2)
  26 kobolds
  6 quokkas
  A river rat zombie (Crypt:2)
  18 ball pythons
  15 bats
  9 frilled lizards
  2 gnoll zombies (Ossuary)
  2 hobgoblin zombies (Ossuary)
  2 kobold zombies (Ossuary)
  2 orc zombies (Ossuary)
  15 rats
  3 tentacles (Crypt:1)
2403 creatures vanquished.

Vanquished Creatures (collateral kills)
  the Lernaean hydra (Swamp:4)
  Donald (Spider:2)
  A hydra (Lair:3)
  An orb spider (Spider:2)
  A jumping spider (Spider:4)
  A water moccasin (Lair:3)
6 creatures vanquished.

Vanquished Creatures (others)
  A lich (Depths:3)
  A walking frostbound tome (Depths:3)
  A tengu reaver (Depths:3)
  A fire giant (Depths:3)
  A ghost moth (Spider:3)
  A draconian annihilator (Depths:4)
  An eleionoma (Swamp:1)
  An ice dragon (Depths:3)
  A deep elf knight (Elf:2)
  A storm dragon simulacrum (Depths:3)
  2 bloated husks
  A redback (Spider:4)
  An orc priest (Orc:2)
  2 foxfires (Swamp:4)
  2 tentacles (Crypt:1)
18 creatures vanquished.

Grand Total: 2427 creatures vanquished

Notes
Turn   | Place    | Note
-------+----------+-------------------------------------------
     0 | D:1      | Inarius the Mummy Fighter began the quest for the Orb.
     0 | D:1      | Reached XP level 1. HP: 18/18 MP: 1/1
   140 | D:1      | Reached XP level 2. HP: 22/24 MP: 2/2
   637 | D:2      | Reached XP level 3. HP: 29/29 MP: 3/3
   661 | D:2      | Found a radiant altar of Vehumet.
  1270 | D:2      | Reached XP level 4. HP: 37/37 MP: 4/4
  1632 | D:3      | Found a broken altar of Ashenzari.
  1895 | D:3      | Reached XP level 5. HP: 21/42 MP: 5/5
  2206 | D:3      | Reached XP level 6. HP: 46/48 MP: 6/6
  2379 | D:4      | Found a shadowy altar of Dithmenos.
  2489 | D:4      | Found a glowing drain.
  2518 | Sewer    | Entered a sewer
  2738 | Sewer    | Reached XP level 7. HP: 26/55 MP: 7/7
  2996 | D:4      | Noticed Natasha
  3007 | D:4      | Killed Natasha
  3142 | D:4      | Found an ornate altar of the Wu Jian Council.
  3168 | D:4      | Noticed Natasha
  3173 | D:4      | Killed Natasha
  3184 | D:4      | Noticed Natasha
  3197 | D:4      | Killed Natasha
  3198 | D:4      | Reached skill level 5 in Fighting
  3485 | D:4      | Noticed Blork the orc
  3493 | D:4      | Killed Blork the orc
  3494 | D:4      | Reached skill level 5 in Axes
  3589 | D:4      | Noticed Edmund
  3600 | D:4      | Reached skill level 1 in Evocations
  3605 | D:4      | Killed Edmund
  3805 | D:4      | Noticed Eustachio
  3814 | D:4      | Killed Eustachio
  3815 | D:4      | Reached XP level 8. HP: 51/63 MP: 8/8
  4052 | D:5      | Entered Level 5 of the Dungeon
  4052 | D:5      | Found Leususai's Weapon Shop.
  4198 | D:5      | Found a sand-covered staircase.
  4225 | Ossuary  | Entered an ossuary
  4622 | Ossuary  | Identified a scroll of acquirement
  4624 | Ossuary  | Acquired a manual of Axes
  4959 | D:5      | Found a sacrificial altar of Ru.
  5144 | D:5      | Found an iron altar of Okawaru.
  5144 | D:5      | Found a shimmering blue altar of Sif Muna.
  5821 | D:6      | Reached skill level 1 in Throwing
  5948 | D:5      | Bought the +6 broad axe "Losipt" {freeze, Will+ Str+3} for
                  | 673 gold pieces
  6282 | D:6      | Noticed Duvessa
  6282 | D:6      | Noticed Dowan
  6285 | D:6      | Killed Duvessa
  6290 | D:6      | Killed Dowan
  6334 | D:6      | Reached XP level 9. HP: 69/69 MP: 9/9
  6462 | D:6      | Found an opulent altar of Gozag.
  6755 | D:7      | Found a blossoming altar of Fedhas.
  6763 | D:7      | Found a staircase to the Ecumenical Temple.
  6771 | Temple   | Entered the Ecumenical Temple
  6795 | Temple   | Became a worshipper of Makhleb the Destroyer
  6904 | D:7      | Found a flagged portal.
  6911 | D:7      | Reached skill level 5 in Armour
  6923 | Bailey   | Entered a bailey
  6930 | Bailey   | Noticed an orc knight
  7047 | Bailey   | Killed an orc knight
  7048 | Bailey   | Reached skill level 1 in Invocations
  7270 | Bailey   | Reached * piety under Makhleb
  7650 | Bailey   | Identified the +1 dagger of Execution {flame, rF- rCorr
                  | MP+9 Str+4}
  7851 | D:7      | Found a shimmering altar of Xom.
  7852 | D:7      | Found a shimmering altar of Xom.
  7877 | D:7      | Found a shimmering altar of Xom.
  7877 | D:7      | Found a shimmering altar of Xom.
  7995 | D:7      | Found a shimmering altar of Xom.
  8004 | D:7      | Found a shimmering altar of Xom.
  8004 | D:7      | Found a shimmering altar of Xom.
  8005 | D:7      | Found a shimmering altar of Xom.
  8068 | D:7      | Reached XP level 10. HP: 63/77 MP: 11/11
  8564 | D:8      | Found a runed translucent gate.
  8565 | D:8      | Found a runed translucent gate.
  8565 | D:8      | Found a runed translucent gate.
  8565 | D:8      | Noticed rigao's ghost (novice MfVM)
  8627 | D:8      | Found a viscous altar of Jiyva.
  8665 | D:8      | Identified the +6 ring mail "Moychadd" {Rampage rF+ Str+3
                  | Int+5}
  8668 | D:8      | Reached ** piety under Makhleb
  9197 | D:9      | Reached skill level 10 in Axes
  9222 | D:9      | Found Epsuczof's General Store.
  9232 | D:9      | Bought a +0 broad axe for 44 gold pieces
  9232 | D:9      | Bought a box of beasts for 440 gold pieces
  9232 | D:9      | Bought a scroll of identify for 22 gold pieces
  9563 | D:9      | Found a snail-covered altar of Cheibriados.
  9831 | D:9      | Found Fushroloh's Antique Weapon Emporium.
  9916 | D:10     | Entered Level 10 of the Dungeon
 10206 | D:10     | Noticed a two-headed ogre
 10212 | D:10     | Killed a two-headed ogre
 10213 | D:10     | Reached skill level 1 in Dodging
 10213 | D:10     | Reached skill level 5 in Evocations
 10416 | D:10     | Reached XP level 11. HP: 84/84 MP: 13/13
 10679 | D:10     | Noticed a two-headed ogre
 10686 | D:10     | Killed a two-headed ogre
 10926 | D:11     | Found a portal to a secret trove of treasure.
 10933 | D:11     | Noticed a two-headed ogre
 10943 | D:11     | Killed a two-headed ogre
 10943 | D:11     | Reached *** piety under Makhleb
 11092 | D:11     | Identified the +4 long sword "Cikuj" {vamp, ^Fragile rC+
                  | Int+4}
 11173 | D:11     | Found a staircase to the Lair.
 11315 | D:11     | Found a staircase to the Orcish Mines.
 11597 | D:12     | Noticed a boulder beetle
 11624 | D:12     | Found a bloodstained altar of Trog.
 11634 | D:11     | Reached skill level 5 in Invocations
 11727 | Lair:1   | Entered Level 1 of the Lair of Beasts
 11779 | Lair:1   | Reached **** piety under Makhleb
 11971 | Lair:1   | Identified the +8 orcbow of the Hurling Fox {elec, ^Drain
                  | rN+ Dex+7}
 12063 | Lair:1   | Noticed Gastronok
 12093 | Lair:1   | Killed Gastronok
 12094 | Lair:1   | Reached XP level 12. HP: 88/94 MP: 14/16
 13064 | Lair:2   | Found a hole to the Spider Nest.
 13224 | Lair:2   | Reached ***** piety under Makhleb
 13283 | Lair:2   | Found a staircase to the Swamp.
 13283 | Lair:2   | Noticed an eleionoma
 13299 | Lair:2   | Killed an eleionoma
 13360 | Lair:2   | Noticed Sonja
 13365 | Lair:2   | Killed Sonja
 13503 | Lair:2   | Noticed Maggie
 13510 | Lair:2   | Killed Maggie
 14293 | Lair:3   | Found a dark tunnel.
 14319 | Volcano  | Entered a volcano
 14669 | Volcano  | Found a radiant altar of Vehumet.
 14948 | Volcano  | Gained mutation: You are strongly in touch with the powers
                  | of death. [Mummy growth]
 14948 | Volcano  | Reached XP level 13. HP: 101/101 MP: 18/18
 15149 | Lair:3   | Reached skill level 5 in Shields
 15874 | Lair:4   | Noticed Urug
 15903 | Lair:4   | Killed Urug
 16627 | Lair:5   | Entered Level 5 of the Lair of Beasts
 16627 | Lair:5   | Found a runed translucent door.
 16627 | Lair:5   | Found a viscous altar of Jiyva.
 16687 | Lair:4   | Reached ****** piety under Makhleb
 16889 | Lair:5   | Found a staircase to the Slime Pits.
 16889 | Lair:5   | Noticed an acid blob
 16889 | Lair:5   | Noticed an acid blob
 16890 | Lair:5   | Noticed an acid blob
 16971 | Lair:5   | Identified the +10 plate armour "Vyor" {Dex+3}
 17250 | Lair:5   | Reached XP level 14. HP: 109/109 MP: 20/20
 17284 | Lair:5   | Reached skill level 10 in Fighting
 17413 | Lair:5   | Reached skill level 15 in Axes
 17888 | Orc:1    | Entered Level 1 of the Orcish Mines
 17942 | Orc:1    | Found a burning altar of Makhleb.
 18367 | Orc:2    | Entered Level 2 of the Orcish Mines
 18533 | Orc:1    | Noticed Fannar
 18546 | Orc:1    | Killed Fannar
 18837 | Orc:2    | Found a staircase to the Elven Halls.
 18923 | Orc:2    | Identified the +8 flail "Newtslayer" {vamp, rPois}
 19323 | Orc:2    | Noticed an orc warlord
 19381 | Orc:2    | Killed an orc warlord
 19613 | Orc:2    | Found Aluukhlum's Book Shop.
 19684 | Orc:2    | Found Wotsicw's Magic Scroll Boutique.
 19779 | Orc:2    | Bought a scroll of enchant weapon for 97 gold pieces
 19779 | Orc:2    | Bought a scroll of enchant weapon for 97 gold pieces
 19779 | Orc:2    | Bought a scroll of enchant armour for 97 gold pieces
 19779 | Orc:2    | Bought a scroll of teleportation for 39 gold pieces
 19779 | Orc:2    | Bought a scroll of teleportation for 39 gold pieces
 19779 | Orc:2    | Bought a scroll of teleportation for 39 gold pieces
 19814 | Orc:2    | Noticed an orc warlord
 19821 | Orc:2    | Killed an orc warlord
 20148 | Orc:2    | Found Fiche's Book Emporium.
 20153 | Orc:2    | Reached XP level 15. HP: 77/117 MP: 22/22
 20316 | Orc:2    | Found Tidwixown's Armour Shoppe.
 20336 | Orc:2    | Bought a +2 pair of boots for 231 gold pieces
 21578 | D:12     | Noticed Psyche
 21589 | D:12     | Killed Psyche
 21687 | D:13     | Reached skill level 10 in Invocations
 21692 | D:13     | Found the +8 mithril axe "Arga" {speed, Will+}
 22259 | D:14     | Found a gate to the Vaults.
 22289 | D:14     | Found a broken altar of Ashenzari.
 22300 | D:14     | Reached skill level 5 in Dodging
 23091 | D:15     | Entered Level 15 of the Dungeon
 23141 | D:15     | Noticed Jorgrun
 23448 | D:15     | Killed Jorgrun
 23624 | D:15     | Reached XP level 16. HP: 119/127 MP: 24/24
 23814 | D:15     | Found a staircase to the Depths.
 23819 | D:15     | Noticed a sphinx
 23831 | D:15     | Killed a sphinx
 24193 | Spider:1 | Entered Level 1 of the Spider Nest
 24734 | Spider:1 | Acquired 432 gold pieces
 24967 | Spider:1 | Found a hide-covered altar of Uskayaw.
 25989 | Spider:2 | Noticed Donald
 26011 | Spider:2 | Killed Donald
 27064 | Spider:3 | Reached XP level 17. HP: 119/135 MP: 4/25
 27500 | Spider:4 | Entered Level 4 of the Spider Nest
 28898 | Spider:4 | Got a gossamer rune of Zot
 29151 | Swamp:1  | Entered Level 1 of the Swamp
 29269 | Swamp:1  | Reached skill level 10 in Shields
 30425 | Swamp:2  | Found a runed translucent door.
 30507 | Swamp:2  | Reached XP level 18. HP: 122/145 MP: 27/27
 31344 | Swamp:4  | Entered Level 4 of the Swamp
 31696 | D:11     | You paid a toll of +5 ice dragon scales to enter a treasure
                  | trove
 31697 | Trove    | Entered a treasure trove
 31701 | Trove    | Identified the +0 kite shield of Hubris {Str+3}
 31702 | Trove    | Identified the +0 plate armour "Biuziab" {rCorr Dex+3}
 31703 | Trove    | Identified the +2 hat of Fortification {+Inv rCorr}
 31712 | Trove    | Identified the +0 kite shield of the Pit {rPois rF++ Str-4
                  | Int+3}
 31714 | Trove    | Identified the +2 pair of gloves of Purpose {*Slow Regen+
                  | Int+8 SInv Stlth-}
 31716 | Trove    | Identified the +5 chain mail of Ciecuygu {rC+ rCorr Int+2}
 31718 | Trove    | Identified the +2 pair of boots of the Lich-sworn {rF+
                  | Regen+ Str-2 Dex+3}
 31723 | Trove    | Identified the +1 cloak "Bigge" {^Contam Dex+9}
 31725 | Trove    | Identified the +4 pair of gloves of Wiqer {Int+4}
 31765 | Trove    | Identified the +1 helmet "Ceerogy" {Will+ Str-5 Int+5
                  | Dex+3}
 32317 | Swamp:4  | Found a large runed translucent door.
 32317 | Swamp:4  | Found a large runed translucent door.
 32318 | Swamp:4  | Noticed pleonasm's ghost (adept OgBe)
 32712 | Swamp:4  | Identified the +9 flail of the Unkillable {flame, Str+2}
 32721 | Swamp:4  | Noticed the 27-headed Lernaean hydra
 32757 | Swamp:4  | Killed the 27-headed Lernaean hydra
 32781 | Swamp:4  | Got a decaying rune of Zot
 32970 | Swamp:4  | Killed pleonasm's ghost
 33221 | Vaults:1 | Entered Level 1 of the Vaults
 33316 | Vaults:1 | Noticed Fauhuump's ghost (adept TeAE)
 33324 | Vaults:1 | Found a transporter.
 33332 | Vaults:1 | Found a transporter.
 34723 | Vaults:2 | Reached XP level 19. HP: 148/154 MP: 29/29
 34884 | Vaults:2 | Reached skill level 15 in Fighting
 35430 | Vaults:2 | Found a staircase to the Crypt.
 35430 | Vaults:2 | Found a basalt altar of Yredelemnul.
 35431 | Vaults:2 | Found an ancient bone altar of Kikubaaqudgha.
 37158 | Vaults:3 | Reached skill level 10 in Armour
 37708 | Vaults:4 | Reached XP level 20. HP: 165/165 MP: 30/30
 38091 | Vaults:4 | Noticed Norris
 38118 | Vaults:4 | Killed Norris
 38259 | Vaults:4 | Identified the +2 leather armour "Qov Nokk" {Will+}
 38906 | Depths:1 | Entered Level 1 of the Depths
 39818 | Depths:1 | You fall into a shaft and drop 1 floor!
 39819 | Depths:2 | Found the +7 mace of Variability {chaos, chaos arc}
 40194 | Depths:1 | Found a gateway to Hell.
 40215 | Depths:1 | Identified the ring of Rismuekh {rCorr AC+4}
 40731 | Depths:2 | Identified the ring "Riuriuno" {rF+ Int+4 Dex+4}
 40997 | Depths:2 | Found a one-way gate leading to the halls of Pandemonium.
 41067 | Depths:2 | Reached XP level 21. HP: 156/175 MP: 31/31
 41249 | Depths:2 | Found Xastywif's Weapon Shop.
 41302 | Depths:2 | Identified the +4 glaive "Mekh" {flame, Stlth+}
 41910 | Depths:3 | Noticed a juggernaut
 41947 | Depths:3 | Killed a juggernaut
 42087 | Depths:3 | Identified the ring "Umejad" {Ice Str+3}
 42087 | Depths:3 | Noticed Josephina
 42136 | Depths:2 | Killed Josephina
 42205 | Depths:3 | Noticed Haxzo's ghost (adept HOMo)
 42209 | Depths:3 | Found a transporter.
 42219 | Depths:3 | Noticed a caustic shrike
 42223 | Depths:3 | Noticed Haxzo's ghost (adept HOMo)
 42224 | Depths:3 | Noticed Ceed's ghost (adept MfGl)
 42255 | Depths:3 | Found a transporter.
 42358 | Depths:3 | Noticed a juggernaut
 42384 | Depths:3 | Killed a juggernaut
 42397 | Depths:3 | Noticed Jory
 42428 | Depths:3 | Killed Jory
 42435 | Depths:3 | Reached skill level 15 in Shields
 42482 | Depths:3 | Identified the ring "Vewoetup" {rPois rF+ Int+4 Dex-5
                  | Stlth+}
 42569 | Depths:3 | Noticed a caustic shrike
 42607 | Depths:3 | Killed a caustic shrike
 42693 | Depths:3 | Noticed a juggernaut
 42723 | Depths:3 | Killed a juggernaut
 42834 | Depths:3 | Identified the +4 war axe "Hariuk" {flame, rPois rC+ Will+}
 42874 | Depths:3 | Found a one-way gate to the infinite horrors of the Abyss.
 42881 | Depths:3 | Noticed a dread lich
 42897 | Depths:3 | Killed a dread lich
 42916 | Depths:3 | Identified the ring of Piygiloa {rCorr Int+2}
 42919 | Depths:3 | Identified the +10 mace of Aptimn {vamp, rF+ Dex+4}
 43127 | Depths:4 | Entered Level 4 of the Depths
 43130 | Depths:4 | Noticed a juggernaut
 43147 | Depths:4 | Killed a juggernaut
 43522 | Depths:4 | Noticed Boris
 43542 | Depths:3 | Reached XP level 22. HP: 108/186 MP: 32/32
 43638 | Depths:3 | Killed Boris
 43796 | Depths:4 | Found a gate to the Realm of Zot.
 43796 | Depths:4 | Noticed a golden dragon
 43812 | Depths:4 | Killed a golden dragon
 44734 | Crypt:1  | Entered Level 1 of the Crypt
 44800 | Crypt:1  | Noticed Zenata
 44802 | Crypt:1  | Identified the serpent talisman "Ataut" {rCorr MP+9 Str-2
                  | Int+6}
 44802 | Crypt:1  | Noticed Aizul
 44818 | Crypt:1  | Killed Zenata
 44821 | Crypt:1  | Killed Aizul
 45438 | Crypt:1  | Identified the +1 cloak "Ukkakh" {rC+}
 46513 | Crypt:2  | Identified the +1 lajatang "Edocvil" {drain, Will+ Int+4}
 46764 | Crypt:3  | Entered Level 3 of the Crypt
 46806 | Crypt:3  | Found a magical portal.
 46824 | WizLab   | Entered Wucad Mu's Monastery
 47015 | WizLab   | Found the crystal ball of Wucad Mu {*channel}
 47287 | Crypt:3  | Found a staircase to the Tomb.
 47380 | Crypt:3  | Identified the +0 leather armour "Tybral" {Regen+ Int+6}
 47595 | Crypt:3  | Noticed Boris
 47614 | Crypt:3  | Killed Boris
 47632 | Crypt:3  | Reached XP level 23. HP: 190/196 MP: 33/33
 47676 | Crypt:3  | Noticed a royal mummy
 47693 | Crypt:3  | Killed a royal mummy
 47695 | Crypt:3  | Identified the +7 mace "Conservator" {freeze, ^Fragile rN+
                  | rCorr}
 47696 | Crypt:3  | Noticed a curse toe
 47723 | Crypt:3  | Identified the +1 scimitar "Borgh" {flame, Int+2 Dex+6}
 47744 | Crypt:3  | Killed a curse toe
 47799 | Crypt:3  | Found an ancient bone altar of Kikubaaqudgha.
 47801 | Crypt:3  | Found a basalt altar of Yredelemnul.
 47825 | Crypt:3  | Got Duyd's Spellbook of Hurtful Blight
 47827 | Crypt:3  | Got the Commentary on Forces
 47828 | Crypt:3  | Identified the +0 spear "Akhloalam" {vamp, Will- Str+3
                  | Int+3}
 47859 | Crypt:3  | Identified the +1 great mace "Wusmosee" {drain, Str+3
                  | Dex+4}
 48487 | Elf:1    | Entered Level 1 of the Elven Halls
 49384 | Elf:2    | Found a crumbling gateway.
 49435 | Desolati | Entered the Desolation of Salt
 49803 | Desolati | Identified the +10 war axe of Havoc {protect, rPois}
 49851 | Desolati | Identified the ring "Umuggisoqa" {rElec rC++ Will+ rCorr
                  | Dex-5}
 49856 | Desolati | Identified the amulet "Zykykhem" {Acrobat -Tele rElec
                  | Regen+ Dex+5}
 49859 | Desolati | Identified the ring "Hompify" {Ice rElec}
 49863 | Desolati | Identified the ring "Doterch" {rC+ AC+4}
 49962 | Desolati | Got Sif Muna's Parchment of the Pyromaniac and Freezing
 49964 | Desolati | Identified the +0 ring mail of Cowardice {rF- rC+ Int+3
                  | SInv}
 49988 | Desolati | Identified the ring of the Will of the Gods {rF+ rC+ rCorr}
 50140 | Desolati | Identified the +3 chain mail "Lyeqimeru" {^Contam Rampage
                  | rCorr Slay-6}
 50160 | Desolati | Identified the +1 orcbow "Hisaytz" {drain, Will+}
 50473 | Elf:2    | Identified the +1 pair of gloves "Wanwyull" {Will+ Regen+
                  | Stlth+}
 50856 | Elf:2    | Found a runed translucent gate.
 50857 | Elf:2    | Found a runed translucent gate.
 50857 | Elf:2    | Found a runed translucent gate.
 50874 | Elf:2    | Paralysed by an air elemental for 1 turns
 51588 | Elf:3    | Entered Level 3 of the Elven Halls
 51638 | Elf:3    | Identified the +0 tower shield of Fedhas's Envy {Regen+
                  | MP-9 Dex+4 SInv}
 51638 | Elf:3    | Noticed Louise
 51662 | Elf:3    | Killed Louise
 51713 | Elf:3    | Paralysed by an air elemental for 1 turns
 51717 | Elf:3    | Paralysed by an air elemental for 1 turns
 51892 | Elf:3    | Identified the +5 ring mail "Mynuecli" {Will+ Dex+3}
 52007 | Elf:3    | Reached XP level 24. HP: 206/206 MP: 33/33
 52338 | Elf:3    | Got the Atlas of the Jaunt
 52363 | Elf:3    | Found the +7 great mace "Undeadhunter" {deathbane, rN+}
 52386 | Elf:3    | Identified the +1 scale mail of Gonicwiq {-Cast Rampage
                  | Int-4 Slay+5}
 52994 | Vaults:5 | Entered Level 5 of the Vaults
 53251 | Vaults:5 | Identified the +10 long sword "Nuuzits" {vamp, Fly rF+ rN+}
 53322 | Vaults:5 | Reached skill level 10 in Evocations
 53714 | Vaults:5 | Identified the +7 chain mail of Instinct {rN+ Str+5 Dex-3}
 53766 | Vaults:5 | Got the Spellbook of Relocation
 53793 | Vaults:5 | Identified the +0 pair of gloves of Fortitude {rC+}
 54262 | Vaults:5 | Identified the ring "Cuobrut" {Ice rCorr Stlth+}
 54301 | Vaults:5 | Got a silver rune of Zot
 54312 | Vaults:5 | Acquired the +4 tower shield "Mutauz" {rC++ Int-2 SInv}
 54416 | Vaults:5 | Reached XP level 25. HP: 216/216 MP: 33/33
 54622 | Vaults:5 | Noticed an ancient lich
 54634 | Vaults:5 | Killed an ancient lich
 54682 | Vaults:5 | Got Joubuaw's Guide on Chthonic Glamour
 55251 | Depths:3 | Killed Haxzo's ghost
 55288 | Depths:3 | Killed Ceed's ghost
 55351 | Depths:3 | Killed Haxzo's ghost
 55405 | Depths:3 | Identified the +1 helmet of Zitafeed {Str+2}
 55406 | Depths:3 | Identified the +1 hat "Nafargh" {rC+ rN+ Will+}
 55410 | Depths:3 | Identified the +1 pair of gloves "Olasonun" {Str+5 Int-3}
 55868 | Slime:1  | Entered Level 1 of the Pits of Slime
 55934 | Slime:2  | Reached skill level 15 in Invocations
 56096 | Slime:3  | Found a viscous altar of Jiyva.
 56168 | Slime:5  | Entered Level 5 of the Pits of Slime
 57097 | Slime:5  | Noticed the Royal Jelly
 57118 | Slime:5  | Killed the Royal Jelly
 57205 | Slime:5  | Found the +7 great mace "Firestarter" {flame, immolate,
                  | rFlCloud rF++}
 57214 | Slime:5  | Found the macabre finger necklace {Finger+ rN+}
 57270 | Slime:5  | Got a slimy rune of Zot
 57307 | Slime:5  | Identified the +1 shortbow of Qazlal, Slashing {elec, rF+
                  | Will+ Dex+3}
 57319 | Slime:5  | Identified the +9 scimitar of Righteous Anger {venom, rN+
                  | Str+2}
 57816 | Zot:1    | Entered Level 1 of the Realm of Zot
 57870 | Zot:1    | HP: 9/218 [purple draconian/+0 dire flail[a yellow
                  | draconian annihilator] (10)]
 57871 | Zot:1    | Mangled by a death cob

Illustrated notes

Levels and vault maps discovered:
D:1:      denvon_arrival_hothouse, layout_rooms, minmay_gold_behind_fungi
D:2:      layout_loops_ring, basic_altar, amcnicky_mini_rare_corridor_liquid
D:3:      layout_loops_ring, lemuel_round_altar, minmay_pentangle
D:4:      layout_loops_ring, nicolae_wu_jian_wuxing_cycle,
          nicolae_dithmenos_through_a_glass_darkly,
          cheibrodos_sewer_entry_sluice, uniq_edmund, uniq_blork_the_orc,
          uniq_eustachio, uniq_natasha
D:5:      layout_basic, mainiacjoe_overflow_cross_hatched,
          gammafunk_temple_overflow_wave, serial_shops, nicolae_stop_n_shop_2,
          nicolae_ossuary_entry_ruins
D:6:      layout_basic, mainiacjoe_overflow_tiny_flanked,
          small_statue_intersection, uniq_duvessa
D:7:      layout_rooms, fedhas_bush_and_centaur_altar, xom_redecorated,
          minmay_temple_entry_statues_pillars, enter_bailey_3,
          hangedman_decor_growths
D:8:      cheibrodos_steamvent, layout_rooms, elyvilon_altar_1,
          gammafunk_ghost_ooze, grunt_ministairs_6
D:9:      layout_roguey, lemuel_crystal_altar, serial_shops,
          nicolae_lakefront_shop, nicolae_square_shop
D:10:     layout_loops_cross
D:11:     layout_roguey, erik_lair_orcish_takeover,
          minmay_orc_entry_temple_small, nicolae_trove_entry_isolated
D:12:     layout_roguey, special_room [special_room_bee], trog_ov_bears_minmay,
          uniq_psyche
D:13:     layout_rooms
D:14:     layout_small_grid, hellmonk_vaults_order_and_chaos,
          nicolae_ashenzari_skybound, kennysheep_generic_room_11
D:15:     hellmonk_depths_entry_around_the_bend, layout_cave_pools, uniq_jorgrun
Temple:   minmay_temple_curvy_loop
Lair:1:   layout_loops_ring, nicolae_quartered_pool_impasse,
          serial_bayou_shore_b, serial_bayou_shore_b, uniq_gastronok
Lair:2:   layout_chaotic_city, alex1729_swamp_entry_worm_eleionoma,
          hellmonk_spider_entry_life_and_decay, nicolae_lair_liquid_snakes,
          uniq_maggie, uniq_sonja
Lair:3:   layout_cave_shapes, nicolae_volcano_entry_lava_flow,
          infiniplex_staircase_pool
Lair:4:   layout_loops_ring, uniq_urug
Lair:5:   hangedman_lair_in_review, layout_big_grid, guppyfry_lair_end_dragon,
          slime_entry_2, roderic_batcave
Swamp:1:  layout_basic_swamp, nicolae_swamp_ascending_descending_big,
          swamp_pool_3, nicolae_swamp_long_stream
Swamp:2:  layout_basic_swamp, hangedman_swamp_lotus, nzn_swamp_weyward_sisters
Swamp:3:  layout_basic_swamp, evilmike_swamp_ruin_rubble_1
Swamp:4:  grunt_swamp_rune_castle, layout_basic_swamp,
          ebering_ghost_disaster_area, swamp_pool_3
Spider:1: layout_spider_delve, nicolae_spider_altar_of_dancing
Spider:2: layout_cave_pods, hangedman_spider_tarantella_strand, uniq_donald
Spider:3: nicolae_spider_hall_of_the_moth_king
Spider:4: spider_rune_water
Slime:1:  layout_caves
Slime:2:  layout_caves
Slime:3:  layout_caves, basic_altar
Slime:4:  layout_caves
Slime:5:  slime_pit_nicolae_royal_road_to_ruin
Orc:1:    minmay_goldmine, layout_caves, basic_altar, bloody_makhleb,
          uniq_fannar
Orc:2:    pubby_orc_utopia
Elf:1:    layout_loops_cross, nicolae_elf_blasts_and_bolts, st_stairs_8
Elf:2:    nicolae_elf_blades_crystal_corner, layout_loops_corners,
          portal_desolation_entry_holy_temple, eino_tiny_chamber
Elf:3:    minmay_elf_hall_furrowed, layout_gridlike, uniq_louise
Vaults:1: gammafunk_ghost_arena, nicolae_vaults_prndl,
          nicolae_vaults_hexular_roomagon, v_rooms_6, grunt_vaults_focal,
          nicolae_vaults_wine_cellar, nicolae_vaults_frosty_reception,
          vaults_room_large_hall, nicolae_vaults_bisected_exclaves,
          hangedman_vaults_trim, nicolae_vaults_double_plus_1,
          layout_vaults_ring
Vaults:2: v_rooms_6, v_pattern_4, v_rooms_3, hangedman_vaults_restitches,
          nicolae_vaults_closet_pinwheel_4, grunt_vaults_hallway_long,
          nicolae_vaults_variable_pillar_hall, minmay_crypt_entry_necro_gods,
          dpeg_vaults_monster_box, vaults_dpeg_ring, vaults_dpeg_encased_lava,
          layout_vaults_omnigrid
Vaults:3: nicolae_vaults_closet_pinwheel_2,
          nicolae_vaults_good_morning_starshine,
          nicolae_vaults_offset_grid_hallway_3, vaults_dpeg_spiral,
          nicolae_vaults_steering_wheel, hangedman_vaults_slice,
          nicolae_vaults_three_branches, hangedman_vaults_pinch,
          nicolae_vaults_house_3, nicolae_vaults_double_plus_3,
          nicolae_vaults_little_squares_3, v_alt_pattern_1,
          ontoclasm_vaults_chip, nicolae_vaults_tetromino_Z_1,
          layout_vaults_maze
Vaults:4: v_alt_pattern_3, nicolae_vaults_shelves_hall,
          nicolae_vaults_lightning_bolt, nicolae_vaults_network_quinsquares
          [nicolae_vaults_network_quincunx_subvault,
          nicolae_vaults_network_quincunx_subvault,
          nicolae_vaults_network_quincunx_subvault,
          nicolae_vaults_network_quincunx_subvault], nicolae_vaults_octothorpe,
          vaults_standard_mumra_lines, nicolae_vaults_little_squares_6,
          v_rooms_5, nicolae_vaults_little_squares_2,
          nicolae_vaults_offset_grid_hallway_4, dpeg_vaults_monster_row,
          v_alt_pattern_3, nicolae_vaults_weapon_check,
          nicolae_vaults_shelves_hall, v_misc_2, layout_vaults_omnibox,
          uniq_norris
Vaults:5
Crypt:1:  statuecave_lemuel, layout_gridlike, corexii_hall_statues_s,
          eino_tiny_chamber, uniq_zenata, uniq_aizul
Crypt:2:  hangedman_hall_of_fallen_heroes, layout_misc_corridors,
          evilmike_ambush [evilmike_ambush_outer_corners,
          evilmike_ambush_inner_basic]
Crypt:3:  lightli_unholy_cathedral, layout_chaotic_city,
          infiniplex_enter_wizlab_water, item_on_display_a,
          roderic_lattice_octagonal_star
Depths:1: layout_gridlike, interstate_on_off, lightli_too_deep,
          kennysheep_generic_room_16, firewood_loft
Depths:2: minmay_the_grid_plus [minmay_the_grid_expand,
          minmay_the_grid_holed_spiral, minmay_the_grid_aliased_spiral,
          minmay_the_grid_small_cups,
          minmay_the_grid_prize_four_corners_diamond_a], layout_basic,
          nicolae_twisting_strands, grunt_pan_entry_sceptre, serial_shops,
          nicolae_shop_bloodbath_and_beyond, hangedman_geh_valley,
          kennysheep_generic_room_15
Depths:3: minmay_tearing_corner, layout_cave_pools, enter_ziggurat_d,
          nzn_ghost_randoct, pf_coc_iceberg, abyss_entry,
          rand_demon_pan_entry_8, serial_bayou_shore_b,
          infiniplex_staircase_zigzag_3, uniq_jory, uniq_josephina
Depths:4: grunt_zot_entry_funnels, layout_cave_shapes, hex_tiny, hellmouth_1,
          infiniplex_staircase_pool_lava, uniq_boris, uniq_margery
Zot:1:    nicolae_moth_party, layout_onion_interference, st_small_dragon_hoard_1

Skill      XL: |  1  2  3  4  5  6  7  8  9 10 11 12 13 14 15 16 17 18 19 20 21 22 23 24 25 |
---------------+----------------------------------------------------------------------------+-----
Axes           | 2 3 4 5 7 9 11 13 14 15 16 17 18 19 20 21 22 | 22.9
Armour         | 3 4 5 6 7 8 9 10 11 12 | 12.6
Fighting       | 4 5 6 7 8 9 10 11 12 13 14 16 17 18 19 20 21 22 | 22.3
Shields        | 3 4 5 7 8 9 10 11 13 14 15 17 18 19 | 19.5
Evocations     | 1 2 4 5 6 7 8 9 10 11 | 11.5
Throwing       | 1 2 |  2.4
Invocations    | 2 3 5 6 8 9 10 11 12 13 14 15 | 15.4
Dodging        | 1 2 3 4 5 6 7 |  7.0

Action                     |  1- 3 |  4- 6 |  7- 9 | 10-12 | 13-15 | 16-18 | 19-21 | 22-24 | 25-27 || total
---------------------------+-------+-------+-------+-------+-------+-------+-------+-------+-------++-------
  Melee: War axe           |   115 |   228 |   150 |       |       |       |       |       |       ||   493
         Broad axe         |       |       |   103 |   488 |   997 |  1626 |  1922 |  2460 |   695 ||  8291
         Morningstar       |       |       |       |       |    26 |       |       |       |       ||    26
         Flail             |       |       |       |       |    10 |    96 |       |       |       ||   106
  Throw: Boomerang         |       |       |    38 |     3 |       |       |       |       |       ||    41
  Evoke: Wand              |       |       |     3 |    10 |     6 |    19 |     4 |     2 |    13 ||    57
         Box of beasts     |       |       |       |     2 |     1 |     1 |       |       |       ||     4
         Phantom mirror    |       |       |       |       |       |     1 |       |       |     1 ||     2
         Condenser vane    |       |       |       |       |       |       |       |       |     2 ||     2
    Use: Scroll            |       |     3 |     9 |     6 |     1 |    21 |     5 |    10 |     6 ||    61
   Stab: Confused          |       |       |       |       |       |     2 |       |       |       ||     2
 Armour: Scale mail        |    88 |    53 |       |       |       |       |       |       |       ||   141
         Chain mail        |       |    81 |       |       |       |       |       |       |       ||    81
         Plate armour      |       |    45 |   207 |    23 |       |  1058 |   576 |   686 |   255 ||  2850
         Ring mail         |       |       |       |   305 |   522 |   119 |       |       |       ||   946
  Dodge: Dodged            |    68 |   115 |    84 |   223 |   328 |   329 |   194 |   235 |    69 ||  1645
  Block: Buckler           |    24 |    50 |    45 |   114 |       |       |       |       |       ||   233
         Tower shield      |       |       |       |       |   897 |  1593 |  1705 |  2245 |   604 ||  7044
         Reflection        |       |       |       |       |       |    44 |    53 |   120 |    14 ||   231

Table legend: (Time is in decaauts)
 A = Elapsed time spent in this place.
 B = Non-inter-level travel time spent in this place.
 C = Inter-level travel time spent in this place.
 D = Time resting spent in this place.
 E = Time spent auto-exploring this place.
 F = Levels seen in this place.
 G = Mean time per level.
                   A        B        C        D        E       F      G
               +--------+--------+--------+--------+--------+-----+--------+
         Total |  55878 |  50637 |   5241 |   6365 |  27898 |  59 |  947.1 |
       Dungeon |  14316 |  12717 |   1599 |   1668 |   8028 |  15 |  954.4 |
        Temple |     49 |      4 |     45 |      0 |      0 |   1 |   49.0 |
          Lair |   5984 |   5183 |    801 |    785 |   3204 |   5 | 1196.8 |
         Swamp |   3696 |   3353 |    343 |    288 |   1819 |   4 |  924.0 |
   Spider Nest |   4697 |   4415 |    282 |    894 |   2046 |   4 | 1174.2 |
    Slime Pits |   1474 |   1356 |    118 |    173 |    271 |   5 |  294.8 |
  Orcish Mines |   3013 |   2780 |    233 |    467 |   1529 |   2 | 1506.5 |
   Elven Halls |   3020 |   2882 |    138 |     68 |   1839 |   3 | 1006.7 |
        Vaults |   7378 |   6439 |    939 |    408 |   3956 |   5 | 1475.6 |
         Crypt |   2842 |   2657 |    185 |    167 |   1511 |   3 |  947.3 |
        Depths |   5687 |   5134 |    553 |    586 |   2473 |   4 | 1421.8 |
           Zot |     12 |     12 |      0 |      0 |      0 |   1 |   12.0 |
         Trove |    112 |    112 |      0 |      0 |      0 |   1 |  112.0 |
         Sewer |    524 |    524 |      0 |    101 |    234 |   1 |  524.0 |
       Ossuary |    433 |    433 |      0 |    173 |    112 |   1 |  433.0 |
        Bailey |    834 |    834 |      0 |    348 |    189 |   1 |  834.0 |
       Volcano |    659 |    659 |      0 |    178 |    176 |   1 |  659.0 |
        Wizlab |    350 |    350 |      0 |     53 |    138 |   1 |  350.0 |
    Desolation |    790 |    790 |      0 |      4 |    368 |   1 |  790.0 |
               +--------+--------+--------+--------+--------+-----+--------+

Top non-repeatable levels by time:
   Orc:2: 2312 daAuts
Depths:3: 1959 daAuts
  Lair:2: 1829 daAuts
Vaults:5: 1631 daAuts
Vaults:2: 1546 daAuts
Vaults:3: 1520 daAuts
Depths:1: 1389 daAuts
Vaults:4: 1357 daAuts
Vaults:1: 1323 daAuts
    D:11: 1290 daAuts
    D:14: 1289 daAuts
Spider:4: 1280 daAuts
   Elf:2: 1275 daAuts
     D:5: 1269 daAuts
     D:4: 1262 daAuts
